 Dungeon Crawl Stone Soup version 0.25.1-2-g60ff931df9 (webtiles) character file.

Game seed: 17755585832275325670

133 BledDest the Firebug (level 4, -2/30 HPs)
             Began as a Demonspawn Fire Elementalist on July 31, 2020.
             Killed from afar by Ijyb (10 damage)
             ... with an iceblast
             ... on level 3 of the Dungeon.
             The game lasted 00:07:27 (2796 turns).

BledDest the Firebug (Demonspawn Fire Elementalist) Turns: 2796, Time: 00:07:28

Health: -2/30      AC:  8    Str:  8    XL:     4   Next: 93%
Magic:  1/7        EV: 12    Int: 17    God:
Gold:   181        SH:  0    Dex: 14    Spells: 6/7 levels left

rFire    . . .     SeeInvis .   j - +0 short sword
rCold    . . .     Gourm    .   (no shield)
rNeg     . . .     Faith    .   a - +0 robe
rPois    .         Spirit   .   (helmet restricted)
rElec    .         Reflect  .   (no cloak)
rCorr    .         Harm     .   (no gloves)
MR       .....                  (no boots)
Stlth    ++........             (no amulet)
HPRegen  0.10/turn              (no ring)
MPRegen  0.10/turn              (no ring)

@: sanguine armour, flying, very slightly contaminated
A: horns 2, sanguine armour 1
a: no special abilities


You were on level 3 of the Dungeon.
You were not hungry.

You visited 1 branch of the dungeon, and saw 3 of its levels.

You collected 181 gold pieces.

Inventory:

Hand Weapons
 j - a +0 short sword (weapon)
Missiles
 h - 73 stones (quivered)
Armour
 a - a +0 robe (worn)
 n - a +0 buckler
Scrolls
 d - a scroll of random uselessness {unknown}
 e - a scroll of fog {unknown}
 f - a scroll of noise {unknown}
 m - 5 scrolls of remove curse {unknown}
 o - 2 scrolls of enchant weapon {unknown}
 p - a scroll of identify {unknown}
Potions
 b - a potion of degeneration {unknown}
 g - a potion of flight
 i - 2 potions of curing
 k - a potion of berserk rage {unknown}
 q - a potion of mutation {unknown}
Comestibles
 c - 8 rations
 l - 7 chunks of flesh


   Skills:
 - Level 1.7 Dodging
 - Level 1.7 Stealth
 - Level 2.0 Spellcasting
 - Level 1.0 Conjurations
 + Level 5.2 Fire Magic


You had 6 spell levels left.
You knew the following spells:

 Your Spells              Type           Power        Failure   Level  Hunger
a - Foxfire               Conj/Fire      ##..         5%          1    #......

Your spell library contained the following spells:

 Spells                   Type           Power        Failure   Level  Hunger
 Conjure Flame            Conj/Fire      ##......     16%         3    ###....
 Inner Flame              Hex/Fire       ##......     21%         3    ###....
 Sticky Flame             Conj/Fire      ##......     47%         4    #####..
 Fireball                 Conj/Fire      ##........   83%         5    ######.


Dungeon Overview and Level Annotations

Branches:
Dungeon (3/15)

Altars:

Annotations:
D:3 Ijyb


Innate Abilities, Weirdness & Mutations

You have a pair of horns on your head.
When seriously injured, your bleeding wounds create armour. (AC +6)


Message History

Ijyb is moderately wounded.
Casting: Foxfire (safe; 5% risk of failure)
Confirm with . or Enter, or press ? or * to list all spells.
You don't have enough magic to cast that spell.
The foxfire hits Ijyb.
Ijyb is heavily wounded.
There is an escape hatch in the floor here.
Ijyb zaps a wand.
The mass of ice explodes!
The iceblast engulfs you!
Your blood congeals into armour.
You hear a shout!
Ijyb zaps a wand.
The mass of ice explodes!
The iceblast engulfs you!
* * * LOW HITPOINT WARNING * * *
It was a potion of curing.
You feel better.
Ijyb zaps a wand.
The mass of ice explodes!
The iceblast engulfs you.
* * * LOW HITPOINT WARNING * * *
It was a potion of flight.
You feel very buoyant.
You fly up into the air.
Ijyb zaps a wand.
The mass of ice explodes!
The iceblast engulfs you!
You die...

## #.##......####### ... .##
##...............# ...? ..#
#..##.....######.###.... #.##
#..#####..# #.÷......# #..#
##..#####..####........##
.#.######...........g>S......†...
.....#......##.....#######.##..#.
.##..######.#.......# #.# .#
..#..## #.#...@...# #.# #
#..#..## #.#.......## #..
##.#...## #.##.......# ##.# .#.
#.##...# #.##.....<.## #.#..#.
#.##.#.# #.#.........#####.#..[.
#.##.#.# #.#.............#.#....
#.##.#.###.#........<.........#.
#.##.#..##....................#.
#..#.##)##......................


You could see Ijyb.

Vanquished Creatures
  7 adders
  2 oozes (D:1)
  A worm (D:3)
  2 dart slugs
  3 leopard geckos
  3 giant cockroaches
  9 goblins
  6 hobgoblins
  2 ball pythons (D:1)
  5 bats
  5 frilled lizards
  9 kobolds
  4 rats (D:1)
58 creatures vanquished.

Vanquished Creatures (others)
  137 foxfires
137 creatures vanquished.

Grand Total: 195 creatures vanquished

Notes
Turn   | Place    | Note
-------+----------+-------------------------------------------
     0 | D:1      | BledDest the Demonspawn Fire Elementalist began the quest
                  | for the Orb.
     0 | D:1      | Reached XP level 1. HP: 13/13 MP: 3/3
    47 | D:1      | Reached skill level 3 in Fire Magic
   139 | D:1      | Gained mutation: You have a pair of small horns on your
                  | head. [demonic ancestry]
   139 | D:1      | Reached XP level 2. HP: 18/19 MP: 0/5
   678 | D:1      | Gained mutation: When seriously injured, your bleeding
                  | wounds create armour. (AC +6) [demonic ancestry]
   678 | D:1      | Reached XP level 3. HP: 24/24 MP: 1/6
  1186 | D:1      | Reached skill level 4 in Fire Magic
  1738 | D:2      | Gained mutation: You have a pair of horns on your head.
                  | [demonic ancestry]
  1738 | D:2      | Reached XP level 4. HP: 24/30 MP: 7/7
  2592 | D:3      | Reached skill level 5 in Fire Magic
  2777 | D:3      | Noticed Ijyb
  2796 | D:3      | Killed from afar by Ijyb

Illustrated notes

Levels and vault maps discovered:
D:1:      psy_arrival_dodecagon, layout_basic, columned_hall_lemuel,
          minmay_circled_x
D:2:      layout_basic, first_ration
D:3:      layout_rooms, uniq_ijyb

Skill      XL: |  1  2  3  4 |
---------------+-------------+-----
Fire Magic     | 3 4 5 |  5.2
Dodging        | |  1.7
Stealth        | |  1.7
Spellcasting   | |  2.0
Conjurations   | |  1.0

Action                   |  1- 3 |  4- 6 || total
-------------------------+-------+-------++-------
Melee: Unarmed           |    14 |       ||    14
       Short sword       |    24 |     4 ||    28
       Headbutt          |     3 |       ||     3
 Cast: Foxfire           |    48 |    31 ||    79
  Use: Potion            |       |     2 ||     2
 Stab: Sleeping          |     2 |     1 ||     3
  Eat: Chunk             |     3 |     4 ||     7
Armor: Robe              |    11 |       ||    11
Dodge: Dodged            |    50 |     3 ||    53
